 Dungeon Crawl Stone Soup version 0.25-a0-365-g7600c65aa0 (webtiles) character file.

Game seed: 14425045414788749443, levelgen mode: classic

1038 EnegeticOcto the Chopper (level 8, 50/73 HPs)
             Began as a Deep Dwarf Fighter on Jan 4, 2020.
             Was an Initiate of Makhleb.
             Quit the game on level 6 of the Dungeon on Jan 5, 2020.
             The game lasted 00:04:35 (3418 turns).

EnegeticOcto the Chopper (Deep Dwarf Fighter)       Turns: 3418, Time: 00:04:36

Health: 50/73      AC: 11    Str: 25    XL:     8   Next: 4%
Magic:  5/5        EV:  8    Int: 10    God:    Makhleb [......]
Gold:   45         SH: 10    Dex: 13    Spells: 7/7 levels left

rFire    . . .     SeeInvis .   w - +8 mace of Doom {flame, Str+5}
rCold    . . .     Gourm    .   c - +0 shield
rNeg     . . .     Faith    .   o - +0 chain mail
rPois    .         Spirit   .   (no helmet)
rElec    .         Reflect  .   x - +0 cloak
rCorr    .         Harm     .   (no gloves)
MR       +....                  (no boots)
Stlth    ..........             (no amulet)
HPRegen  0.00/turn              (no ring)
MPRegen  0.09/turn              (no ring)

@: non-regenerating
A: damage resistance, heal wounds, sense surroundings 1, no regeneration
a: Heal Wounds, Renounce Religion


You were on level 6 of the Dungeon.
You worshipped Makhleb.
Makhleb was noncommittal.
You were not hungry.

You visited 2 branches of the dungeon, and saw 7 of its levels.
You also visited: Sewer.

You collected 145 gold pieces.
You spent 100 gold pieces at shops.

Inventory:

Hand Weapons
 a - a +0 war axe
 v - the +8 mace of Compulsion {holy, +Fly rElec Stlth+}
   (You found it on level 4 of the Dungeon)

   It has been blessed by the Shining One to cause great damage to the undead
   and demons.
   It insulates you from electricity.
   It lets you fly.
   It makes you more stealthy.
 w - the +8 mace of Doom (weapon) {flame, Str+5}
   (You found it on level 4 of the Dungeon)

   It has been specially enchanted to burn those struck by it, causing extra
   injury to most foes and up to half again as much damage against particularly
   susceptible opponents.
   It affects your strength (+5).
Armour
 c - a +0 shield (worn)
 o - a +0 chain mail (worn)
 x - a +0 cloak (worn)
Jewellery
 i - an uncursed ring of protection from fire {unknown}
 A - an uncursed ring of see invisible {unknown}
Scrolls
 b - a scroll of acquirement {unknown}
 f - 2 scrolls of remove curse {unknown}
 g - a scroll of immolation {unknown}
 k - 3 scrolls of teleportation {@r3 !r}
 m - 4 scrolls of enchant weapon
 n - a scroll of noise {unknown}
 s - 2 scrolls of random uselessness {unknown}
 y - a scroll of fear {unknown}
Potions
 d - a potion of might {@q3 !q}
 h - a potion of agility {@q5 !q}
 j - a potion of haste {@q4 !q}
 l - 2 potions of curing {@q1 !q}
 p - a potion of flight
 q - a potion of mutation
 r - a potion of cancellation
 t - a potion of degeneration {unknown}
 u - 2 potions of invisibility
 z - a potion of heal wounds {@q2 !q}
Comestibles
 e - 10 rations
 B - 6 chunks of flesh


   Skills:
 + Level 4.3 Fighting
 * Level 6.3 Axes
 + Level 5.3 Armour
 + Level 3.8 Dodging
 + Level 5.3 Shields


You had 7 spell levels left.
You didn't know any spells.
Your spell library was empty.

Dungeon Overview and Level Annotations

Branches:
Dungeon (6/15)             Temple (1/1) D:6           Sewer (visited)

Altars:
Ashenzari
Dithmenos
Fedhas
Hepliaklqana
Kikubaaqudgha
Makhleb
Nemelex Xobeh
Qazlal
Ru
Trog
Wu Jian

Shops:
D:5 ![:*

Annotations:
D:3 1 exclusion, Blork the orc
D:6 3 runed translucent doors, anet's ghost, novice DEWz


Innate Abilities, Weirdness & Mutations

You are resistant to damage.
You can heal yourself by infusing magical energy.
You passively map a small area around you.
You do not regenerate.


Message History

Your chain mail prevents you from hitting the jackal.
The jackal bites you but does no damage.
You block the jackal's attack.
You sock the jackal! You burn the jackal.
You kill the jackal!
The jackal barely misses you. x2
The jackal bites you but does no damage.
You hit the jackal. You burn the jackal.
You kill the jackal!
The jackal bites you but does no damage.
You block the jackal's attack.
You hit the jackal. You burn the jackal.
You kill the jackal!
No target in view!
No target in view!
No target in view!
You butcher the jackal corpse.
B - 2 chunks of flesh You see here a jackal skeleton. x2
You butcher the jackal corpse.
B - 3 chunks of flesh (gained 1)
You butcher the jackal corpse.
B - 4 chunks of flesh (gained 1)
Things that are here:
a jackal skeleton x2
Things that are here:
a jackal skeleton x2
Anet's ghost turns its malevolent gaze towards you.
Anet's ghost shouts, "You will never get the ORB!"
You now have 45 gold pieces (gained 8).
Eating one of 4 chunks of flesh.
You eat one of the 4 chunks of flesh.
This raw flesh tastes terrible.
Anet's ghost turns its malevolent gaze towards you.
Things that are here:
a jackal skeleton x2
Found a staircase to the Ecumenical Temple.
A worker ant comes into view.
A worker ant is nearby!
A worker ant is nearby!
A worker ant is nearby!
Found 17 stones.
You hit the worker ant. You burn the worker ant.
The worker ant is heavily wounded.
The worker ant bites you.
You are poisoned.
The worker ant poisons you!
You sock the worker ant! You burn the worker ant.
You kill the worker ant!
No target in view!
No target in view!
No target in view!
A worm comes into view.
Found 15 stones.
You see here a worker ant corpse.
A worm is nearby!
A worm is nearby!
A worm is nearby!
You block the worm's attack.
You sock the worm! You burn the worm.
You kill the worm!
No target in view!
No target in view!
No target in view!
You see here a wand of random effects (13).
You butcher the worker ant corpse.
B - 6 chunks of flesh (gained 3)
You are no longer poisoned.
Found a stone staircase leading down.
A shadow imp comes into view.
The shadow imp shouts!
The shadow imp moves out of view.
The shadow imp is too close now for your liking.
A shadow imp is nearby!
You hit the shadow imp. You burn the shadow imp.
The shadow imp is lightly wounded.
You block the shadow imp's attack.
The shadow imp hits you but does no damage.
You sock the shadow imp! You burn the shadow imp.
You kill the shadow imp!
No target in view!
No target in view!
No target in view!
There is a staircase to the Ecumenical Temple here.
You climb downwards.
Welcome to the Ecumenical Temple!
Found six altars.
There is a staircase back to the Dungeon here.
Found four altars.
There is a burning altar of Makhleb here.
You kneel at the altar of Makhleb.
Makhleb welcomes you!
There is a staircase back to the Dungeon here.
You climb upwards.
Welcome back to the Dungeon!
Level annotation: 3 runed translucent doors, anet's ghost, novice DEWz
There is a staircase to the Ecumenical Temple here.
Saving game... please wait.
Level annotation: 3 runed translucent doors, anet's ghost, novice DEWz Welcome back, EnegeticOcto the Deep Dwarf Fighter.
Blood and souls for Makhleb!
Press ? for a list of commands and other information.
Are you sure you want to abandon this character and quit the game? (Confirm with "yes".)

#.# ##.##.## #.#########
##..##...
####.##......###..###...
#.##.##.##.##....###....
#.#.........#..### #.#..
#..............#* #..#..
#.#..⌠...⌠..#..# ...##..
#.#(........#.###.## ...
#......@..........# .###
#.#.(....../#..### . ,
#.#..⌠...⌠..#..### . *
#..................
###.........#..##.#
##.##.##.##..##.#
#........##.....# *
#...#.#.....#...# ,
####...###......### ,


There were no monsters in sight!

Vanquished Creatures
  Duvessa (D:4)
  A phantom (D:5)
  2 ogres
  A crocodile (Sewer)
  2 scorpions (D:5)
  Dowan (D:4)
  A centaur zombie (D:5)
  A hound (D:5)
  An orc wizard (D:4)
  An orc priest (D:4)
  Crazy Yiuf (D:4)
  An iguana (D:4)
  Natasha (thrice) (D:4)
  A worker ant (D:6)
  6 adders
  A shadow imp (D:6)
  An ooze (D:1)
  An adder skeleton (D:4)
  6 worms
  2 dart slugs
  6 leopard geckos
  3 orcs
  2 ball pythons (D:2)
  3 giant cockroaches
  9 goblins
  6 hobgoblins
  18 jackals
  9 kobolds
  6 bats
  4 frilled lizards
  A jackal skeleton (D:4)
  9 rats
111 creatures vanquished.

Notes
Turn   | Place    | Note
-------+----------+-------------------------------------------
     0 | D:1      | EnegeticOcto the Deep Dwarf Fighter began the quest for the
                  | Orb.
     0 | D:1      | Reached XP level 1. HP: 20/20 MP: 1/1
    44 | D:1      | Reached XP level 2. HP: 17/27 MP: 2/2
   230 | D:1      | Reached skill level 1 in Dodging
   230 | D:1      | Reached XP level 3. HP: 33/33 MP: 3/3
   266 | D:1      | Reached skill level 3 in Axes
   793 | D:2      | Reached XP level 4. HP: 37/42 MP: 3/3
  1402 | D:3      | Noticed Blork the orc
  1835 | D:4      | Noticed Natasha
  1847 | D:4      | Reached XP level 5. HP: 31/49 MP: 4/4
  1853 | D:4      | Killed Natasha
  1857 | D:4      | Reached skill level 4 in Axes
  1925 | D:4      | Noticed Dowan
  1937 | D:4      | Killed Dowan
  1946 | D:4      | Reached XP level 6. HP: 43/56 MP: 5/5
  1957 | D:4      | Noticed Duvessa
  1982 | D:4      | Killed Duvessa
  1994 | D:4      | Found a shadowy altar of Dithmenos.
  2106 | D:4      | Found a glowing drain.
  2110 | Sewer    | Entered a sewer
  2179 | Sewer    | Reached skill level 5 in Axes
  2253 | D:4      | Reached XP level 7. HP: 50/63 MP: 4/4
  2255 | D:4      | Noticed Natasha
  2266 | D:4      | Killed Natasha
  2340 | D:4      | Noticed Natasha
  2367 | D:4      | Killed Natasha
  2470 | D:4      | Found a runed translucent door.
  2473 | D:4      | Got a brightly glowing mace
  2475 | D:4      | Noticed Crazy Yiuf
  2480 | D:4      | Got a crude mace
  2484 | D:4      | Identified the +8 mace of Doom {flame, Str+5} (You found it
                  | on level 4 of the Dungeon)
  2485 | D:4      | Identified the +8 mace of Compulsion {holy, +Fly rElec
                  | Stlth+} (You found it on level 4 of the Dungeon)
  2492 | D:4      | Killed Crazy Yiuf
  2604 | D:5      | Entered Level 5 of the Dungeon
  2794 | D:5      | Reached skill level 5 in Armour
  2794 | D:5      | Reached skill level 5 in Shields
  2812 | D:5      | Reached skill level 6 in Axes
  2904 | D:5      | Reached XP level 8. HP: 49/72 MP: 5/5
  2943 | D:5      | Found Hipreucra's Distillery.
  2947 | D:5      | Bought a potion of heal wounds for 70 gold pieces
  3104 | D:5      | Found Liuc Pui's Antique Armour Shoppe.
  3132 | D:5      | Found Giapp's Book Emporium.
  3152 | D:5      | Found Ecweusah's Assorted Antiques.
  3155 | D:5      | Bought a scroll labeled EMNIDAJEOC for 30 gold pieces
  3221 | D:6      | Found a runed translucent gate.
  3245 | D:6      | Found a runed translucent gate.
  3245 | D:6      | Found a runed translucent gate.
  3250 | D:6      | Noticed anet's ghost (novice DEWz)
  3337 | D:6      | Found a staircase to the Ecumenical Temple.
  3402 | Temple   | Entered the Ecumenical Temple
  3409 | Temple   | Became a worshipper of Makhleb the Destroyer
  3418 | D:6      | Upgraded the game from 0.25-a0-362-g90ccd6aac3 to
                  | 0.25-a0-365-g7600c65aa0
  3418 | D:6      | Quit the game

Levels and vault maps discovered:
D:1:      dpeg_arrival_more_subterranean_lakeside_camping, layout_rooms,
          minivault_24
D:2:      layout_basic
D:3:      layout_loops_corners, serial_park_tiny_1, minmay_misc_feat_x, tgw_sif
D:4:      layout_cave_pools, grunt_dithmenos_smoke_and_mirrors, first_ration,
          gup_sewer_entry_bowl, uniq_crazy_yiuf_cottage, uniq_natasha,
          uniq_duvessa
D:5:      layout_basic, serial_shops, kennysheep_mini_moat,
          nicolae_shop_crystal, kennysheep_mini, nicolae_shop_trees
D:6:      layout_rooms, lemuel_doored_altar, nicolae_overflow_hidden_temple,
          slow_altar_1, minmay_temple_entry_large_hall,
          gammafunk_ghost_necromancy
Temple:   eino_temple_lava

Skill      XL: |  1  2  3  4  5  6  7 |
---------------+----------------------+-----
Dodging        | 1 2 3 |  3.8
Axes           | 3 4 5 6 |  6.3
Fighting       | 3 4 |  4.3
Armour         | 4 5 |  5.3
Shields        | 4 5 |  5.3

Action                   |  1- 3 |  4- 6 |  7- 9 || total
-------------------------+-------+-------+-------++-------
Melee: War axe           |   121 |   164 |    29 ||   314
       Mace              |       |       |    40 ||    40
       Unarmed           |       |       |    18 ||    18
 Abil: Heal Wounds       |     3 |    10 |     5 ||    18
  Use: Scroll            |       |     6 |     2 ||     8
  Eat: Chunk             |       |     5 |     4 ||     9
Armor: Scale mail        |    59 |     6 |       ||    65
       Chain mail        |       |    77 |    36 ||   113
Dodge: Dodged            |    41 |    36 |    40 ||   117
Block: Shield            |    61 |    86 |    35 ||   182

Table legend:
 A = Non-vault XP
 B = Vault XP
 C = Vault XP percentage of total XP
 D = Non-vault monster count
 E = Vault monster count
 F = Vault count percentage of total count
                 A         B        C        D         E       F
            +---------+---------+-------+---------+---------+-------
      Total |    1075 |     409 |  27.6 |      98 |      13 |  11.7
            +---------+---------+-------+---------+---------+-------
        D:1 |      59 |       0 |   0.0 |      29 |       0 |   0.0
        D:2 |      55 |       0 |   0.0 |      21 |       0 |   0.0
        D:3 |      43 |       0 |   0.0 |      14 |       0 |   0.0
        D:4 |     355 |     292 |  45.1 |      18 |       7 |  28.0
        D:5 |     508 |       0 |   0.0 |      10 |       0 |   0.0
        D:6 |      55 |       0 |   0.0 |       6 |       0 |   0.0
      Sewer |       0 |     117 | 100.0 |       0 |       6 | 100.0
            +---------+---------+-------+---------+---------+-------
